 Dungeon Crawl Stone Soup version 0.30-a0-341-g682706514a (webtiles) character file.

Game seed: 435090377328803133

32 blackman the Sneak (level 3, 0/29 HPs)
             Began as a Human Delver on Nov 3, 2022.
             Slain by a human skeleton (7 damage)
             ... on level 5 of the Dungeon.
             The game lasted 00:00:39 (79 turns).

blackman the Sneak (Human Delver)                     Turns: 79, Time: 00:00:39

Health: 0/29       AC:  3    Str: 12    XL:     3   Next: 42%
Magic:  3/3        EV: 12    Int: 12    God:
Gold:   0          SH:  0    Dex: 14    Spells: 2/2 levels left

rFire   . . .      SeeInvis .    a - +0 falchion
rCold   . . .      Faith    .    (no shield)
rNeg    . . .      Spirit   .    b - +0 leather armour
rPois   .          Reflect  .    (no helmet)
rElec   .          Harm     .    (no cloak)
rCorr   .          Rampage  .    (no gloves)
Will    .....                    (no boots)
Stlth   +++.......               (no amulet)
HPRegen 0.24/turn                (no ring)
MPRegen 0.08/turn                (no ring)

@: no status effects
A: no striking features
a: no special abilities


You were on level 5 of the Dungeon.
You visited 1 branch of the dungeon, and saw 1 of its levels.

Inventory:

Hand Weapons
 a - a +0 falchion (weapon)
Armour
 b - a +0 leather armour (worn)
Wands
 g - a wand of digging (3)
Scrolls
 c - a scroll of fog
 d - a scroll of magic mapping
 e - a scroll of fear


   Skills:
 - Level 3.0 Fighting
 + Level 3.6 Long Blades
 - Level 2.0 Dodging
 - Level 5.0 Stealth


You had 2 spell levels left.
You didn't know any spells.
Your spell library was empty.

Dungeon Overview and Level Annotations

Branches:
Dungeon (5/15)
 Temple: D:4-7

Altars:


Message History

You closely miss the jackal.
The jackal is almost dead.
The jackal closely misses you.
You miss the jackal.
The jackal is almost dead.
The jackal bites you but does no damage.
You hit the jackal.
You kill the jackal!
Things that are here:
a jackal corpse; a jackal corpse Your extra speed is starting to run out.
You feel yourself slow down.
You hear the slow hiss of an avalanche of sand very nearby.
You open the door.
A human skeleton comes into view.
There is an open door here.
The helpless human skeleton fails to defend itself.
You hit the human skeleton.
The human skeleton is lightly damaged.
The human skeleton hits you.
You slash the human skeleton!
The human skeleton is moderately damaged.
The human skeleton misses you.
You barely miss the human skeleton.
The human skeleton is moderately damaged.
The human skeleton hits you.
You hit the human skeleton.
The human skeleton is heavily damaged.
The human skeleton hits you but does no damage.
You barely miss the human skeleton.
The human skeleton is heavily damaged.
The human skeleton hits you!
* * * LOW HITPOINT WARNING * * *
You hit the human skeleton but do no damage.
The human skeleton is heavily damaged.
The human skeleton misses you.
You slash the human skeleton!
The human skeleton is heavily damaged.
The human skeleton hits you!
You die...

##.#.....#.######..# #
#.####.....##.....#
.##†#####...........#
......##..........#.##..
##.##.##.###..##........
##......................
......######..##.##.##.
..###..# #####'# ##
#..### #@# .# #....# #Z#
....##..## +.# #.....##
### #.###..# .. #### ##


You could see a human skeleton.

Vanquished Creatures
  A hound (D:5)
  3 jackals (D:5)
4 creatures vanquished.

Notes
Turn   | Place    | Note
-------+----------+-------------------------------------------
     0 | D:5      | blackman the Human Delver began the quest for the Orb.
     0 | D:5      | Reached XP level 1. HP: 18/18 MP: 1/1
    10 | D:5      | Noticed a hound
    29 | D:5      | Killed a hound
    30 | D:5      | Reached XP level 2. HP: 11/24 MP: 2/2
    30 | D:5      | Reached XP level 3. HP: 13/29 MP: 3/3
    79 | D:5      | Slain by a human skeleton

Illustrated notes

Levels and vault maps discovered:
D:5:      layout_rooms, nicolae_ossuary_entry_catacombs, grunt_ministairs_7,
          uniq_pikel, uniq_eustachio, uniq_blork_the_orc

Skill      XL: |  1 |
---------------+----+-----
Long Blades    | 3 |  3.6
Fighting       | |  3.0
Dodging        | |  2.0
Stealth        | |  5.0

Action                   || total
-------------------------++-------
Melee: Falchion          ||    37
  Use: Potion            ||     1
 Stab: Sleeping          ||     1
Armor: Leather armour    ||    11
Dodge: Dodged            ||    20

Table legend: (Time is in decaauts)
 A = Elapsed time spent in this place.
 B = Non-inter-level travel time spent in this place.
 C = Inter-level travel time spent in this place.
 D = Time resting spent in this place.
 E = Time spent auto-exploring this place.
 F = Levels seen in this place.
 G = Mean time per level.
                   A        B        C        D        E       F      G
               +--------+--------+--------+--------+--------+-----+--------+
         Total |     68 |     68 |      0 |      0 |      3 |   1 |   68.0 |
       Dungeon |     68 |     68 |      0 |      0 |      3 |   1 |   68.0 |
               +--------+--------+--------+--------+--------+-----+--------+

Top non-repeatable levels by time:
     D:5: 68 daAuts
